AoeStats
← tom

Golden Pit

507815802Analyzed
1v1 RM · 13d ago on Sep 19, 2026· 43m 47s· 2 players
Game mode
Random Map
Map size
Tiny (2 player)
Population
200
Speed
Normal
Resources
Standard
Victory
Conquest
Starting age
Dark Age
Ending age
Imperial Age
RankedLock teamsTeams togetherTeam positionsShared explorationLock speedFull tech treeHidden civsTurbo modeCheats
Victory
Defeat
🇩🇪 Teutons · Germany
771
+14
🇱🇻 Japanese · Latvia
734
-14
tom
7:19 Loom
10:16 Feudal Age
10:36 Man-at-Arms
11:03 Arson
13:13 Gold Mining
14:47 Forging
14:42 Double-Bit Axe
16:57 Scale Mail Armor
24:36 Castle Age
25:52 Long Swordsman
26:33 Squires
27:16 Iron Casting
29:00 Chain Mail Armor
37:52 Bow Saw
38:45 Wheelbarrow
PlayerDeluxe929
0:31 Loom
12:40 Feudal Age
13:58 Wheelbarrow
13:08 Town Watch
13:11 Double-Bit Axe
13:57 Gold Mining
13:59 Stone Mining
17:10 Horse Collar
24:09 Castle Age
25:06 Fletching
34:48 Stone Shaft Mining
34:15 Bodkin Arrow
35:33 Hand Cart
40:41 Imperial Age
38:47 Heavy Plow
39:38 Bow Saw
39:34 Town Patrol
40:10 Ironclad
40:23 Forging
40:13 Scale Mail Armor
40:18 Scale Barding Armor
40:26 Elite Skirmisher
41:46 Iron Casting
41:11 Padded Archer Armor
41:55 Ballistics
41:45 Fortified Wall
42:12 Conscription
43:48 Hoardings
Connection lost

Rejoining the realm…

Still unreachable

The connection could not be restored.

Session expired

The server has moved on; the page needs a fresh start.